|
||||||||||||||||||||||||||||||||||||||||||||||||||||||||||||||||||||||||||||||||||||||||||||||||||||||||||||||||||||||||||||||||||
| ||||||||||||||||||||||||||||||||||||||||||||||||||||||||||||||||||||||||||||||||||||||||||||||||||||||||||||||||||||||||||||||||||
| Bottom of the 4th over - 0 runs, 0 hits, 0 errors, 0 left on base; University of Georgia 3 - University of Florida 4 | ||||||||||||||||||||||||||||||||||||||||||||||||||||||||||||||||||||||||||||||||||||||||||||||||||||||||||||||||||||||||||||||||||
| TOP OF THE 5TH | |
|---|---|
| University of Georgia Bulldogs batting - Pitching for University of Florida Gators : LHP Jorge Guadalupe | |
| Batting: LHB Sloan Rayner |
0-0: Called Strike 0-1: Ball 1-1: Swinging Strike 1-2: Fly out, F7 (Flyball, 7, EV 79.4 MPH) |
| Batting: RHB James Warby |
0-0: Called Strike 0-1: Swinging Strike 0-2: Ball 1-2: Strikes out swinging |
| Batting: LHB Milton Yeo |
0-0: Ball 1-0: Foul Ball, location: 2F 1-1: Ball 2-1: SOLO HOME RUN (Flyball, 9D, EV 100.0 MPH), Distance : 368 ft |
| Batting: RHB Javier Alcorta |
0-0: Called Strike 0-1: Ball 1-1: Swinging Strike 1-2: Ball 2-2: Strikes out swinging |
| Top of the 5th over - 1 run, 1 hit, 0 errors, 0 left on base; University of Georgia 4 - University of Florida 4 | |
| BOTTOM OF THE 5TH | |
|---|---|
| University of Florida Gators batting - Pitching for University of Georgia Bulldogs : LHP Allan Bodkin | |
| Batting: SHB Tokuichi Ishida |
0-0: Ball 1-0: SINGLE (Groundball, 4D, EV 100.0 MPH) |
| Batting: RHB Gong-sun Law |
0-0: Called Strike 0-1: Swinging Strike 0-2: Ball 1-2: Ball 2-2: Ball 3-2: Fly out, F7 (Flyball, 7, EV 92.5 MPH) |
| Batting: SHB Nelson Carachure |
0-0: Called Strike 0-1: Called Strike 0-2: Ball 1-2: Ball 2-2: Ball 3-2: Foul Ball, location: 2F 3-2: Fly out, F7 (Line Drive, 7S, EV 112.5 MPH) |
| Pitching: RHP Pacu Panic | |
| Batting: RHB Jae-won Kwon |
0-0: Ball 1-0: Ball Tokuichi Ishida steals 2nd, throwing error, E2 Tokuichi Ishida to third 2-0: Called Strike 2-1: Ball 3-1: Base on Balls |
| Batting: RHB Lião Weishampt |
0-0: Ball 1-0: Ball 2-0: Called Strike 2-1: Ball 3-1: Base on Balls Jae-won Kwon to second |
| Batting: LHB Roy Davies |
0-0: Ball 1-0: Fielders Choice at 2nd, 6-4 (Groundball, 6, EV 79.4 MPH) |
| Bottom of the 5th over - 0 runs, 1 hit, 1 error, 3 left on base; University of Georgia 4 - University of Florida 4 | |
| TOP OF THE 6TH | |
|---|---|
| University of Georgia Bulldogs batting - Pitching for University of Florida Gators : LHP Jorge Guadalupe | |
| Batting: LHB Bryan Ross |
0-0: Ball 1-0: Ball 2-0: Fly out, F7 (Flyball, 78S, EV 91.9 MPH) |
| Batting: LHB Andy Dyer | 0-0: Fly out, F7 (Flyball, 7S, EV 85.0 MPH) |
| Batting: RHB Ed Howard |
0-0: Ball 1-0: Ball 2-0: Ball 3-0: Called Strike 3-1: Foul Ball, location: 2F 3-2: Ground out 5-3 (Groundball, 56S, EV 85.6 MPH) |
| Top of the 6th over - 0 runs, 0 hits, 0 errors, 0 left on base; University of Georgia 4 - University of Florida 4 | |
| BOTTOM OF THE 6TH | |
|---|---|
| University of Florida Gators batting - Pitching for University of Georgia Bulldogs : RHP Pacu Panic | |
| Batting: SHB Pat Justice |
0-0: Ball 1-0: Called Strike 1-1: Ball 2-1: Called Strike 2-2: Foul Ball, location: 2F 2-2: Foul Ball, location: 2F 2-2: Ball 3-2: Foul Ball, location: 2F 3-2: SINGLE (Flyball, 5D, EV 90.6 MPH) |
| Batting: RHB Juan Lopez | |
| Pinch Hitting: SHB Michael Medina |
0-0: Called Strike Pat Justice steals 2nd base 0-1: Foul Ball, location: 2F 0-2: Ball 1-2: Ball 2-2: Foul Ball, location: 2F 2-2: Foul Ball, location: 2F 2-2: Ball 3-2: Base on Balls |
| Batting: RHB Jiao-long Zhào |
0-0: Ball 1-0: Ball 2-0: Ball 3-0: Called Strike 3-1: Base on Balls Pat Justice to third Michael Medina to second |
| Batting: SHB Tokuichi Ishida |
0-0: Foul Ball, location: 2F 0-1: Ball 1-1: Swinging Strike 1-2: Ball 2-2: Ball 3-2: Base on Balls Pat Justice scores Michael Medina to third Jiao-long Zhào to second |
| Batting: RHB Gong-sun Law |
0-0: Ball 1-0: Grounds into fielders choice 6-2 (Groundball, 56S, EV 79.4 MPH) Jiao-long Zhào to third Tokuichi Ishida to second |
| Batting: SHB Nelson Carachure |
0-0: Ball 1-0: Called Strike 1-1: Foul Ball, location: 2F 1-2: Ball 2-2: Foul Ball, location: 2F 2-2: Foul Ball, location: 2F 2-2: Foul Ball, location: 2F 2-2: Ball 3-2: Fly out, F8 (Flyball, 8LD, EV 76.2 MPH) Runner from 3rd tags up, SCORES, no throw by CF |
| Batting: RHB Jae-won Kwon |
0-0: Ball 1-0: SINGLE (Groundball, 4MS, EV 73.8 MPH) (infield hit) Tokuichi Ishida to third Gong-sun Law to second |
| Pitching: RHP Ivan Gladstone | |
| Batting: RHB Lião Weishampt | 0-0: Ground out 2-3 (Groundball, 15S, EV 69.4 MPH) |
| Bottom of the 6th over - 2 runs, 2 hits, 0 errors, 3 left on base; University of Georgia 4 - University of Florida 6 | |
| TOP OF THE 7TH | |
|---|---|
| University of Georgia Bulldogs batting - Pitching for University of Florida Gators : LHP Jorge Guadalupe | |
| Pitching: RHP Sam Rekowski | |
| Now at 3B: Manny Harrison | |
| Batting: RHB Albert Rodriguez | 0-0: Ground out 5-3 (Groundball, 56S, EV 87.5 MPH) |
| Batting: LHB Edwin Zavala |
0-0: Ball 1-0: Fly out, F5 (Popup, 56, EV 79.4 MPH) |
| Pitching: LHP Adhamh Lubis | |
| Batting: LHB Sloan Rayner |
0-0: Ball 1-0: Ball 2-0: Ball 3-0: Called Strike 3-1: Fly out, F8 (Line Drive, 8LD, EV 91.9 MPH) |
| Top of the 7th over - 0 runs, 0 hits, 0 errors, 0 left on base; University of Georgia 4 - University of Florida 6 | |
| BOTTOM OF THE 7TH | |
|---|---|
| University of Florida Gators batting - Pitching for University of Georgia Bulldogs : RHP Ivan Gladstone | |
| Batting: LHB Roy Davies |
0-0: Called Strike 0-1: Ball 1-1: Reached on error, E5 (Groundball, 56, EV 103.8 MPH) |
| Batting: SHB Pat Justice |
0-0: Ball Roy Davies is caught stealing 2nd base 2-6 1-0: Foul Ball, location: 2F 1-1: Fly out, F8 (Flyball, 8LS, EV 91.2 MPH) |
| Batting: RHB Manny Harrison |
0-0: Foul Ball, location: 2F 0-1: Called Strike 0-2: Ball 1-2: Strikes out looking |
| Bottom of the 7th over - 0 runs, 0 hits, 1 error, 0 left on base; University of Georgia 4 - University of Florida 6 | |
| TOP OF THE 8TH | |
|---|---|
| University of Georgia Bulldogs batting - Pitching for University of Florida Gators : LHP Adhamh Lubis | |
| Pitching: RHP Gwang-sam Choe | |
| Pinch Hitting: LHB Cole Sanchez |
0-0: Ball 1-0: Foul Ball, location: 2F 1-1: Foul Ball, location: 2F 1-2: Ball 2-2: SINGLE (Groundball, P, EV 82.5 MPH) (infield hit) |
| Batting: LHB Milton Yeo |
0-0: Called Strike 0-1: Swinging Strike 0-2: Strikes out looking |
| Batting: RHB Javier Alcorta |
0-0: Called Strike 0-1: Ball 1-1: Swinging Strike 1-2: Strikes out swinging |
| Batting: LHB Bryan Ross |
0-0: Called Strike 0-1: Swinging Strike 0-2: Strikes out swinging |
| Top of the 8th over - 0 runs, 1 hit, 0 errors, 1 left on base; University of Georgia 4 - University of Florida 6 | |
| BOTTOM OF THE 8TH | |
|---|---|
| University of Florida Gators batting - Pitching for University of Georgia Bulldogs : RHP Ivan Gladstone | |
| Now at 3B: Ed Howard | |
| Now in RF: Cole Sanchez | |
| Batting: RHB Jiao-long Zhào |
0-0: Foul Ball, location: 2F 0-1: SINGLE (Groundball, 4, EV 100.0 MPH) |
| Batting: SHB Tokuichi Ishida |
0-0: Ball Jiao-long Zhào is caught stealing 2nd base 2-6 1-0: Called Strike 1-1: Swinging Strike 1-2: Ball 2-2: Foul Ball, location: 2F 2-2: Ground out 1-3 (Groundball, 15S, EV 70.6 MPH) |
| Batting: RHB Gong-sun Law |
0-0: Ball 1-0: Fly out, F8 (Flyball, 8RM, EV 88.8 MPH) |
| Bottom of the 8th over - 0 runs, 1 hit, 0 errors, 0 left on base; University of Georgia 4 - University of Florida 6 | |
| TOP OF THE 9TH | |
|---|---|
| University of Georgia Bulldogs batting - Pitching for University of Florida Gators : RHP Gwang-sam Choe | |
| Pitching: RHP Danny Crespo | |
| Batting: LHB Andy Dyer |
0-0: Called Strike 0-1: Foul Ball, location: 2F 0-2: Ground out 6-3 (Groundball, 6, EV 90.0 MPH) |
| Pinch Hitting: RHB Joe Strong |
0-0: Ball 1-0: Called Strike 1-1: Ball 2-1: Foul Ball, location: 2F 2-2: Ball 3-2: Strikes out swinging |
| Pinch Hitting: LHB Luis Mejia |
0-0: Swinging Strike 0-1: Foul Ball, location: 2F 0-2: Ball 1-2: Fly out, F6 (Popup, 6S, EV 78.1 MPH) |
| Top of the 9th over - 0 runs, 0 hits, 0 errors, 0 left on base; University of Georgia 4 - University of Florida 6 | |

| Sunday, July 16th , 2023 - OOTP Baseball 24.6 Build 69 |